Cogmind - Beta 10.2 @@@ ROGUE MODE // 2021.05.05 @ 22:19:02 Player: thingamajigger Result: Self-destructed Performance ------------- Evolutions (5) 2500 Regions Visited (13) 2600 Robots Destroyed (77) 385 Value Destroyed (2614) 2614 Prototype IDs (17) 340 Alien Tech Used (0) 0 Bonus (562) 562 TOTAL SCORE: 9001 Bonus ------- High Alert Combat Kills 121 Follower Combat Kills 560 Met Data Miner 300 Friendly Fire -419 Cogmind --------- Core Integrity 525/1000 Matter 87/300 Energy 170/170 System Corruption 38% Temperature Cool (12) Movement Walking (150) Ox1 Location -5/Extension Parts ------- > --- POWER (2) -------- Micro Fission Core > --- PROPULSION (5) --- Carbon-fiber Leg Carbon-fiber Leg > --- UTILITY (8) ------ Large Storage Unit Experimental Sensor Array Improved Kinecellerator Improved Medium Armor Plating > --- WEAPON (2) ------- Hypervelocity Gauss Cannon > --- INVENTORY (10) --- Fission Core Coolant Injector Medium Storage Unit Matter Compressor (0) Advanced Particle Charger Wave Gun KE Penetrator Proton Missile Launcher Peak State ------------ > --- POWER ------------ Fission Core Micro Fission Core > --- PROPULSION ------- Carbon-fiber Leg Carbon-fiber Leg Flexi-carbon Leg Myomer Leg Myomer Leg > --- UTILITY ---------- Improved Heat Sink Large Storage Unit Experimental Sensor Array Advanced Targeting Computer Improved Weapon Cycler Improved Medium Armor Plating Advanced Hacking Suite Makeshift System Shield > --- WEAPON ----------- Bore Cannon Hypervelocity Gauss Cannon > --- INVENTORY -------- Fission Core Coolant Injector Matter Compressor Advanced Particle Charger Improved Kinecellerator Wave Gun KE Penetrator Proton Missile Launcher Great Maul [Rating: 84] Favorites ----------- Power Heavy Ion Engine Engine Heavy Ion Engine Power Core Light Nuclear Core Propulsion Improved Treads Treads Improved Treads Leg Flexi-carbon Leg Flight Unit VTOL Module Utility Small Storage Unit Device Improved Weapon Cycler Storage Small Storage Unit Processor Improved Signal Interpreter Hackware Makeshift System Shield Protection Utility Shielding Weapon Heavy Assault Rifle Energy Gun Beamcaster Energy Cannon Heavy Plasma Cannon Ballistic Gun Heavy Assault Rifle Ballistic Cannon Hypervelocity Gauss Cannon Launcher Rocket Launcher Impact Weapon Heavy Hammer Build | -11 -10 -10 -9 -9 -9 -7 -7 -7 -7 -6 -6 -5 -5 ------- Run | Scr Mat Min Mat Sto Rec Fac Low Low Dat Pro Fac Fac Ext Slots Evolved 10 | . . . 2 . . 4 . . . . 2 2 . Power 1 | . . . . . . 1 . . . . . . . Propulsion 3 | . . . 2 . . . . . . . . 1 . Utility 6 | . . . . . . 3 . . . . 2 1 . Weapon . | . . . . . . . . . . . . . . Parts Attached 91 | 7 4 1 7 8 2 5 1 . . 17 9 10 20 Power 12 | 1 . 1 . 2 . 1 . . . . 2 . 5 Engine 7 | 1 . 1 . 2 . 1 . . . . 1 . 1 Core 5 | . . . . . . . . . . . 1 . 4 Reactor . | . . . . . . . . . . . . . . Propulsion 23 | 2 2 . 3 3 . . . . . 1 1 4 7 Treads 11 | 2 2 . 3 3 . . . . . . . . 1 Leg 8 | . . . . . . . . . . 1 . 1 6 Wheel . | . . . . . . . . . . . . . . Hover . | . . . . . . . . . . . . . . Flight 4 | . . . . . . . . . . . 1 3 . Utility 29 | 2 . . . . 1 3 . . . 9 5 4 5 Device 8 | . . . . . . . . . . 2 1 2 3 Storage 8 | 2 . . . . 1 . . . . 4 . . 1 Processor 6 | . . . . . . 1 . . . 2 2 1 . Hackware 3 | . . . . . . . . . . . 2 1 . Protection 4 | . . . . . . 2 . . . 1 . . 1 Artifact . | . . . . . . . . . . . . . . Weapon 27 | 2 2 . 4 3 1 1 1 . . 7 1 2 3 Energy Gun 2 | . . . . . . . . . . 1 . . 1 Energy Cannon 1 | . . . . . . . . . . . 1 . . Ballistic Gun 13 | 2 2 . 2 2 1 1 . . . 3 . . . Ballistic Cannon 2 | . . . . . . . . . . . . 1 1 Launcher 4 | . . . . . . . 1 . . 2 . 1 . Special Weapon . | . . . . . . . . . . . . . . Impact Weapon 5 | . . . 2 1 . . . . . 1 . . 1 Slashing Weapon . | . . . . . . . . . . . . . . Piercing Weapon . | . . . . . . . . . . . . . . Special Melee Weapon . | . . . . . . . . . . . . . . Unidentified Prototypes 1 | . . . . 1 . . . . . . . . . Parts Lost 41 | . . 1 . 1 . . 1 . . 15 4 1 18 Power 6 | . . 1 . . . . . . . 2 1 . 2 Propulsion 13 | . . . . . . . . . . 4 1 1 7 Utility 10 | . . . . . . . . . . 3 1 . 6 Weapon 12 | . . . . 1 . . 1 . . 6 1 . 3 Highest Loss Streak 8 | . . 1 . 1 . . 1 . . 8 3 1 6 Average Slot Usage (%) 83 | . 99 99 100 99 100 95 98 92 92 41 53 77 86 Engine 8 | . 14 13 11 11 11 15 15 15 15 1 . . . Core 1 | . . . . . . . . . . . . 5 7 Treads 22 | . 28 28 44 43 44 30 30 30 30 . . . 1 Leg 2 | . . . . . . . . . . 2 3 3 17 Flight 1 | . . . . . . . . . . . . 12 3 Device 3 | . . . . . . . . . . 5 7 5 13 Storage 14 | . 28 28 22 22 22 15 15 15 15 5 . . 4 Processor 6 | . . . . . . 3 7 7 7 11 27 23 6 Hackware 2 | . . . . . . . . . . . 2 13 13 Protection 3 | . . . . . . 14 15 15 15 5 . . 2 Ballistic Gun 9 | . 27 28 21 19 11 12 11 . . 1 . . . Ballistic Cannon 1 | . . . . . . . . . . . . 2 8 Impact Weapon 3 | . . . . 2 11 2 . . . 2 6 5 . Naked Turns . | . . . . . . . . . . . . . . Heaviest Build 67 | 15 17 19 19 22 50 60 60 58 58 59 22 20 67 Greatest Support 100 | 40 46 46 92 92 92 92 92 92 92 20 20 20 100 Greatest Overweight (x) 19 | . . . . . . . . . . 19 1 4 2 Average Overweight (x) . | . . . . . . . . . . 1 . . . Largest Inventory Capacity 14 | 8 8 8 8 8 14 14 14 14 14 14 4 4 10 Average Capacity 9 | 5 8 8 8 8 11 14 14 14 14 6 4 4 9 Most Carried 11 | 2 8 8 8 8 10 10 6 11 11 11 4 4 10 Average Carried 6 | 1 6 7 6 7 8 6 6 9 11 4 3 3 6 Final Capacity 14 | 8 8 8 8 8 14 14 14 14 14 4 4 4 10 Final Carried 11 | 2 8 7 8 8 10 6 6 11 11 3 4 4 8 Class Distribution -------------------- 53% | Mutant 23% | Commander-Mutant 8% | Hacker-Mutant 8% | Derelict-Mutant 3% | Scavenger-Mutant Dominant Class ---------------- Mutant | -10/Materials Mutant | -10/Mines Mutant | -9/Materials Mutant | -9/Storage Commander-Mutant | -9/Recycling Commander-Mutant | -7/Factory Commander-Mutant | -7/Lower Caves Mutant | -7/Lower Caves Mutant | -7/Data Miner Mutant | -6/Proximity Caves Derelict-Mutant | -6/Factory Hacker-Mutant | -5/Factory Hacker-Mutant | -5/Extension Resources | -11 -10 -10 -9 -9 -9 -7 -7 -7 -7 -6 -6 -5 -5 ----------- Run | Scr Mat Min Mat Sto Rec Fac Low Low Dat Pro Fac Fac Ext Matter Collected 2545 | 226 98 159 214 518 52 78 72 44 . 392 34 102 556 Remotely . | . . . . . . . . . . . . . . Salvage Created 2899 | 85 123 142 318 774 . 99 99 120 . 432 109 126 472 Parts 150 | 2 6 7 28 47 . 6 5 . . 14 5 11 19 Haulers Intercepted 1 | . . . . 1 . . . . . . . . . Recyclers Shooed 1 | . . . . . . . . . . . . . 1 Parts Field Recycled . | . . . . . . . . . . . . . . Retrieved Matter . | . . . . . . . . . . . . . . Parts Self-Destructed 27 | . . . . . . . 11 5 . 11 . . . Prevented . | . . . . . . . . . . . . . . Kills | -11 -10 -10 -9 -9 -9 -7 -7 -7 -7 -6 -6 -5 -5 ------- Run | Scr Mat Min Mat Sto Rec Fac Low Low Dat Pro Fac Fac Ext Combat Hostiles Destroyed 63 | . 7 2 6 16 . 2 5 2 . 11 2 4 6 Guns 39 | . 7 2 6 16 . 2 1 . . 4 1 . . Cannons 7 | . . . . . . . . . . . 1 . 6 AOE 17 | . . . . . . . 4 2 . 7 . 4 . Classes Destroyed 16 | 1 2 1 3 3 . . 1 . . 4 . 1 . Worker 2 | . . . . 2 . . . . . . . . . Builder 2 | . . . . . . . . . . . . 1 1 Tunneler 2 | . . 2 . . . . . . . . . . . Hauler 1 | . . . . 1 . . . . . . . . . Recycler 3 | 1 . . . 1 . . . . . . . . 1 Watcher 3 | . . . 2 1 . . . . . . . . . Swarmer 17 | . 6 . . 3 . . 4 . . . . 4 . Grunt 21 | . 1 2 2 6 . 2 . . . 8 . . . Brawler 3 | . . . 1 . . . . 2 . . . . . Duelist 1 | . . . . 1 . . . . . . . . . Protector 1 | . . . . . . . . . . 1 . . . Sentry 16 | . . . 3 6 . . . . . 2 1 . 4 Hunter 1 | . . . . . . . 1 . . . . . . Programmer 2 | . . . . . . . . . . 1 1 . . Samaritan 1 | . . . . . . . . . . 1 . . . Tinkerer 1 | . . . . . . . . . . 1 . . . Thug 1 | . . . . . . . . . . . . . 1 Guerrilla 1 | . . . . . . . . . . . . . 1 Best Kill Streak 10 | 1 6 2 2 10 . 2 4 2 . 7 1 4 5 Combat Bots Only 7 | . 6 2 2 7 . 2 4 2 . 7 1 3 4 Max Kills in Single Turn 3 | 1 1 1 1 1 . 1 2 1 . 3 1 2 2 Gunslinging . | . . . . . . . . . . . . . . Exploded 3 | . . . . . . . 2 1 . 3 . 2 . Melee . | . . . . . . . . . . . . . . Uniques/NPCs Destroyed . | . . . . . . . . . . . . . . Combat | -11 -10 -10 -9 -9 -9 -7 -7 -7 -7 -6 -6 -5 -5 -------- Run | Scr Mat Min Mat Sto Rec Fac Low Low Dat Pro Fac Fac Ext Damage Taken 5766 | . 190 115 203 715 9 106 84 9 . 1466 878 257 1734 Core 1371 | . 9 . . 93 . . . . . 370 424 111 364 Absorbed by Shields 35 | . . . . . . . 24 3 . 8 . . . Core Remaining (%) 73 | 100 . 96 . . 76 . . . . 47 50 . . Volleys Fired 259 | 2 16 10 24 56 . 5 7 4 . 53 11 7 64 Largest 2 | 2 2 2 2 2 . 2 2 1 . 2 1 1 2 Hottest 118 | 40 46 46 46 46 . 46 46 33 . 75 90 39 118 Shots Fired 398 | 4 32 20 48 111 . 10 11 4 . 63 11 7 77 Gun 288 | 4 32 20 48 111 . 10 8 . . 46 9 . . Cannon 79 | . . . . . . . . . . . 2 . 77 Launcher 31 | . . . . . . . 3 4 . 17 . 7 . Special . | . . . . . . . . . . . . . . Kinetic 349 | 4 32 20 48 111 . 10 8 . . 39 . . 77 Thermal 18 | . . . . . . . . . . 7 11 . . Explosive 24 | . . . . . . . 3 4 . 17 . . . Electromagnetic 7 | . . . . . . . . . . . . 7 . Robot Hit Streak 30 | 4 12 28 10 20 . 29 30 1 . 12 13 10 26 Robot Miss Streak 4 | . 1 1 2 1 . . 1 . . 4 1 . 3 Penetration Max 1 | . . . . . . . . . . . . . 1 Secondary Targets 7 | . 1 1 . 3 . 1 . . . 1 . . . Max Gunslinging Chain 1 | . 1 1 . 1 . 1 . . . 1 . . . Shots Hit Robots 280 | 4 25 17 30 90 3 10 6 1 . 47 9 2 36 Core Hits 150 | 2 8 5 12 33 . 5 8 2 . 48 4 7 16 Critical Hits 31 | 1 . . . 2 . . . . . . . . 28 Critical Kills 8 | . . . . 1 . . . . . . . . 7 Critical Parts Destroyed 18 | 1 . . . 1 . . . . . . . . 16 Melee Attacks 24 | . . . 2 1 4 . . . . 2 14 . 1 Impact 24 | . . . 2 1 4 . . . . 2 14 . 1 Slashing . | . . . . . . . . . . . . . . Piercing . | . . . . . . . . . . . . . . Sneak Attacks 3 | . . . . . 3 . . . . . . . . Combat Hostiles . | . . . . . . . . . . . . . . Follow-up Attacks . | . . . . . . . . . . . . . . Damage Inflicted 6549 | 46 324 267 462 1336 132 162 437 133 . 1819 250 206 975 Guns 3484 | 46 324 267 462 1336 . 162 80 . . 637 170 . . Cannons 1049 | . . . . . . . . . . . 76 . 973 Explosions 1878 | . . . . . . . 357 133 . 1182 . 206 . Melee 132 | . . . . . 132 . . . . . . . . Ramming 6 | . . . . . . . . . . . 4 . 2 Kinetic 4139 | 46 324 267 462 1336 . 162 80 . . 489 . . 973 Thermal 394 | . . . . . . . . . . 148 246 . . Explosive 1672 | . . . . . . . 357 133 . 1182 . . . Electromagnetic 206 | . . . . . . . . . . . . 206 . Impact 132 | . . . . . 132 . . . . . . . . Slashing . | . . . . . . . . . . . . . . Piercing . | . . . . . . . . . . . . . . Highest Corruption 38 | . . . . . . . . . . 1 . . 38 Average Corruption 2 | . . . . . . . . . . 1 . . 24 Corruption Purged . | . . . . . . . . . . . . . . Effects 8 | . . . . . . . . . . 1 . . 7 Matter Fused 1 | . . . . . . . . . . . . . 1 Energy Discharges 2 | . . . . . . . . . . 1 . . 1 Data Loss (minor) 1 | . . . . . . . . . . . . . 1 Alerts 1 | . . . . . . . . . . . . . 1 Targeting Errors 2 | . . . . . . . . . . . . . 2 Weapon Failures 1 | . . . . . . . . . . . . . 1 Overload Shots . | . . . . . . . . . . . . . . Overflow Damage 61 | . . . . . 31 . 1 . . 19 . . 10 Projectiles 10 | . . . . . . . . . . . . . 10 Explosions 20 | . . . . . . . 1 . . 19 . . . Melee 31 | . . . . . 31 . . . . . . . . Knockbacks 6 | . . . . . 1 . . . . . . . 5 Impact 1 | . . . . . 1 . . . . . . . . Kinetic 5 | . . . . . . . . . . . . . 5 Secondary . | . . . . . . . . . . . . . . Self-Inflicted Damage 197 | . . . . . . . . . . 197 . . . Shots 10 | . . . . . . . . . . 10 . . . Rammed 1 | . . . . . . . . . . . . . 1 Targets Rammed 2 | . . . . . . . . . . . 1 . 1 Kicked 1 | . . . . . . . . . . . 1 . . Crushed . | . . . . . . . . . . . . . . Highest Temperature 419 | . 1 5 1 11 . 4 . . . 42 42 . 419 Average Temperature 59 | . 1 2 1 2 . 2 . . . 14 25 . 90 Received Heat Transfer 1294 | . 24 66 72 204 . 63 . 4 . 495 204 . 162 Effects 3 | . . . . . . . . . . . . . 3 Shutdowns 1 | . . . . . . . . . . . . . 1 Interference 1 | . . . . . . . . . . . . . 1 Damage (minor) 1 | . . . . . . . . . . . . . 1 Siege Activations . | . . . . . . . . . . . . . . Robots Corrupted . | . . . . . . . . . . . . . . Combat Hostiles . | . . . . . . . . . . . . . . Parts Fried 1 | . . . . . . . . . . . . 1 . Impact Corruptions 2 | . . . . . 2 . . . . . . . . Robots Melted . | . . . . . . . . . . . . . . Combat Hostiles . | . . . . . . . . . . . . . . Parts Melted 1 | . . . . . . . . . . 1 . . . Heat Transferred 655 | . . . . . . . . . . 259 396 . . Parts Sabotaged . | . . . . . . . . . . . . . . Parts Stolen . | . . . . . . . . . . . . . . Parts Stripped . | . . . . . . . . . . . . . . Power Chain Reactions . | . . . . . . . . . . . . . . Missiles Intercepted . | . . . . . . . . . . . . . . Alert | -11 -10 -10 -9 -9 -9 -7 -7 -7 -7 -6 -6 -5 -5 ------- Run | Scr Mat Min Mat Sto Rec Fac Low Low Dat Pro Fac Fac Ext Peak Influence 996 | 5 198 126 266 342 223 996 . . . . 195 214 292 Initial 948 | . 3 76 48 55 133 948 . . . . . 95 104 Average 169 | . 100 99 131 202 142 978 . . . . 60 192 145 Maximum Alert Level 3 | . . . 1 1 1 3 . . . . . 1 1 Low Security (%) 78 | 100 100 100 74 50 88 . . . . . 100 69 81 Level 1 17 | . . . 25 49 11 . . . . . . 30 18 Level 2 . | . . . . . . . . . . . . . . Level 3 3 | . . . . . . 100 . . . . . . . Level 4 . | . . . . . . . . . . . . . . Level 5 . | . . . . . . . . . . . . . . High Security . | . . . . . . . . . . . . . . Max Security . | . . . . . . . . . . . . . . Squads Dispatched 7 | . 2 . 1 1 1 . . . . . 1 . 1 Investigation 5 | . 2 . 1 1 . . . . . . . . 1 Extermination 1 | . . . . . . . . . . . 1 . . Reinforcement 1 | . . . . . 1 . . . . . . . . Assault . | . . . . . . . . . . . . . . Garrison . | . . . . . . . . . . . . . . Intercept . | . . . . . . . . . . . . . . Construction Impeded 1 | . . . . . 1 . . . . . . . . Haulers Reinforced . | . . . . . . . . . . . . . . Stealth | -11 -10 -10 -9 -9 -9 -7 -7 -7 -7 -6 -6 -5 -5 --------- Run | Scr Mat Min Mat Sto Rec Fac Low Low Dat Pro Fac Fac Ext Distress Signals 3 | . . . 2 . . . . . . . 1 . . Communications Jammed . | . . . . . . . . . . . . . . Distress Signals . | . . . . . . . . . . . . . . Times Spotted 140 | . 8 4 13 20 23 2 7 3 . 15 29 6 10 Peak Tracking Total 11 | . 4 2 5 5 8 2 4 2 . 5 11 5 4 Tactical Retreats 14 | . . . 2 1 . . . . . 3 8 . . Traps | -11 -10 -10 -9 -9 -9 -7 -7 -7 -7 -6 -6 -5 -5 ------- Run | Scr Mat Min Mat Sto Rec Fac Low Low Dat Pro Fac Fac Ext Traps Triggered 6 | . 1 . 1 3 . . . . . . . . 1 Indirectly . | . . . . . . . . . . . . . . Trap Hack Attempts . | . . . . . . . . . . . . . . Triggered . | . . . . . . . . . . . . . . Disarmed . | . . . . . . . . . . . . . . Reprogrammed . | . . . . . . . . . . . . . . Reused . | . . . . . . . . . . . . . . Traps Extracted . | . . . . . . . . . . . . . . Installed . | . . . . . . . . . . . . . . Triggered . | . . . . . . . . . . . . . . Machines | -11 -10 -10 -9 -9 -9 -7 -7 -7 -7 -6 -6 -5 -5 ---------- Run | Scr Mat Min Mat Sto Rec Fac Low Low Dat Pro Fac Fac Ext Machines Disabled 2 | . . . 1 . 1 . . . . . . . . Max in Single Turn 1 | . . . 1 . . . . . . . . . . Machines Sabotaged . | . . . . . . . . . . . . . . Garrisons Compromised . | . . . . . . . . . . . . . . Overloaded Fab Kills . | . . . . . . . . . . . . . . Fab Network Shutdowns . | . . . . . . . . . . . . . . Hacking | -11 -10 -10 -9 -9 -9 -7 -7 -7 -7 -6 -6 -5 -5 --------- Run | Scr Mat Min Mat Sto Rec Fac Low Low Dat Pro Fac Fac Ext Machines Accessed 23 | . 5 . 7 5 1 . . . 2 . . 2 1 Terminals 15 | . 5 . 4 5 . . . . . . . . 1 Fabricators 1 | . . . . . . . . . . . . 1 . Repair Stations . | . . . . . . . . . . . . . . Recycling Units 2 | . . . 1 . 1 . . . . . . . . Scanalyzers 2 | . . . 2 . . . . . . . . . . Garrison Access 1 | . . . . . . . . . . . . 1 . Total Hacks 90 | . 23 . 24 14 2 . . . 18 . . 6 3 Successful 53 | . 9 . 14 8 . . . . 18 . . 3 1 Failed 36 | . 13 . 10 6 2 . . . . . . 3 2 Catastrophic 2 | . . . . 1 . . . . . . . 1 . Database Lockouts 1 | . 1 . . . . . . . . . . . . Manual 55 | . 22 . 17 13 . . . . . . . 3 . Terminals 54 | . 23 . 14 14 . . . . . . . . 3 Fabricators 5 | . . . . . . . . . . . . 5 . Repair Stations . | . . . . . . . . . . . . . . Recycling Units 4 | . . . 2 . 2 . . . . . . . . Scanalyzers 8 | . . . 8 . . . . . . . . . . Garrison Access 1 | . . . . . . . . . . . . 1 . Terminal Hacks 26 | . 4 . 1 2 . . . . 18 . . . 1 Part Schematic 8 | . . . . . . . . . 8 . . . . Robot Schematic 7 | . . . . . . . . . 7 . . . . Prototype ID Bank 6 | . 3 . . . . . . . 3 . . . . Open Door 1 | . . . . 1 . . . . . . . . . Terminal Index 4 | . 1 . 1 1 . . . . . . . . 1 Fabricator Hacks 2 | . . . . . . . . . . . . 2 . Load Schematic 1 | . . . . . . . . . . . . 1 . Build 1 | . . . . . . . . . . . . 1 . Repair Station Hacks . | . . . . . . . . . . . . . . Recycling Unit Hacks . | . . . . . . . . . . . . . . Scanalyzer 6 | . . . 6 . . . . . . . . . . Insert Component 4 | . . . 4 . . . . . . . . . . Analyze 2 | . . . 2 . . . . . . . . . . Garrison Access Hacks . | . . . . . . . . . . . . . . Unauthorized Hacks 19 | . 5 . 7 6 . . . . . . . 1 . Terminals 16 | . 5 . 5 6 . . . . . . . . . Track 8 | . 2 . 3 3 . . . . . . . . . Botnet 4 | . 2 . 1 1 . . . . . . . . . Operators 4 | . 1 . 1 2 . . . . . . . . . Fabricators 1 | . . . . . . . . . . . . 1 . Prioritize 1 | . . . . . . . . . . . . 1 . Repair Stations . | . . . . . . . . . . . . . . Recycling Units 1 | . . . 1 . . . . . . . . . . Recyclers 1 | . . . 1 . . . . . . . . . . Scanalyzers 1 | . . . 1 . . . . . . . . . . Researchers 1 | . . . 1 . . . . . . . . . . Garrison Access . | . . . . . . . . . . . . . . Data Cores Recovered . | . . . . . . . . . . . . . . Used . | . . . . . . . . . . . . . . Hacking Detections 18 | . 4 . 7 4 1 . . . . . . 1 1 Full Trace Events 1 | . 1 . . . . . . . . . . . . Feedback Events . | . . . . . . . . . . . . . . Feedback Blocked . | . . . . . . . . . . . . . . Robot Schematics Acquired 7 | . . . . . . . . . 7 . . . . Robots Built . | . . . . . . . . . . . . . . Matter . | . . . . . . . . . . . . . . Time . | . . . . . . . . . . . . . . Total Robot Build Rating . | . . . . . . . . . . . . . . Part Schematics Acquired 10 | . . . 2 . . . . . 8 . . . . Parts Built 1 | . . . . . . . . . . . . 1 . Matter 285 | . . . . . . . . . . . . 285 . Time 152 | . . . . . . . . . . . . 152 . Total Part Build Rating 5 | . . . . . . . . . . . . 5 . Parts Repaired . | . . . . . . . . . . . . . . Time . | . . . . . . . . . . . . . . Parts Recycled . | . . . . . . . . . . . . . . Recycled Matter . | . . . . . . . . . . . . . . Retrieved Matter . | . . . . . . . . . . . . . . Retrieved Components . | . . . . . . . . . . . . . . Parts Scanalyzed 2 | . . . 2 . . . . . . . . . . Part Schematics Acquired 2 | . . . 2 . . . . . . . . . . Parts Damaged . | . . . . . . . . . . . . . . Bothacking | -11 -10 -10 -9 -9 -9 -7 -7 -7 -7 -6 -6 -5 -5 ------------ Run | Scr Mat Min Mat Sto Rec Fac Low Low Dat Pro Fac Fac Ext Used RIF Installer . | . . . . . . . . . . . . . . Robots Hacked . | . . . . . . . . . . . . . . Non-combat . | . . . . . . . . . . . . . . Combat . | . . . . . . . . . . . . . . Robot Hacks Applied . | . . . . . . . . . . . . . . Relay Couplers Released . | . . . . . . . . . . . . . . Robots Rewired 29 | . . . . . 19 . . . . . . . 10 Allies Hacked . | . . . . . . . . . . . . . . Hacks Repelled . | . . . . . . . . . . . . . . Allies | -11 -10 -10 -9 -9 -9 -7 -7 -7 -7 -6 -6 -5 -5 -------- Run | Scr Mat Min Mat Sto Rec Fac Low Low Dat Pro Fac Fac Ext Total Allies 32 | . . . . . 19 . . . . 1 . . 12 Largest Group 17 | . . . . . 17 9 9 3 3 1 . . 10 Highest-Rated Group 265 | . . . . . 224 147 147 53 53 94 . . 265 Highest-Rated Ally 94 | . . . . . 34 34 34 24 24 94 . . 37 Total Orders 12 | . . . . . 7 2 . . . 2 . . 1 STAY 9 | . . . . . 7 1 . . . . . . 1 FOLLOW 1 | . . . . . . 1 . . . . . . . EXPLORE 1 | . . . . . . . . . . 1 . . . RETURN 1 | . . . . . . . . . . 1 . . . Ally Attacks 280 | . . . . . 211 . 18 3 . 13 . . 35 Total Damage 3196 | . . . . . 1547 . 564 88 . 364 . . 633 Kills 50 | . . . . . 35 . 6 1 . 1 . . 7 Allies Corrupted . | . . . . . . . . . . . . . . Allies Melted 1 | . . . . . . . . . . 1 . . . Intel | -11 -10 -10 -9 -9 -9 -7 -7 -7 -7 -6 -6 -5 -5 ------- Run | Scr Mat Min Mat Sto Rec Fac Low Low Dat Pro Fac Fac Ext Robot Analysis Total . | . . . . . . . . . . . . . . Derelict Logs Recovered 6 | . . 2 . . . . 2 . . 2 . . . Drone Launches 2 | . . . . . . . . . . 2 . . . Drone Recoveries 2 | . . . . . . . . . . 2 . . . Exploration | -11 -10 -10 -9 -9 -9 -7 -7 -7 -7 -6 -6 -5 -5 ------------- Run | Scr Mat Min Mat Sto Rec Fac Low Low Dat Pro Fac Fac Ext Turns Passed 6916 | 77 373 375 468 728 944 188 649 286 142 1075 532 326 753 Spaces Moved 3984 | 39 192 216 215 311 456 95 382 168 80 567 583 301 379 Core 806 | 3 . . . . . . . . . 459 330 14 . Treads 2182 | 36 192 216 215 311 456 95 382 168 80 . . . 31 Legs 838 | . . . . . . . . . . 108 215 167 348 Wheels . | . . . . . . . . . . . . . . Hover . | . . . . . . . . . . . . . . Flight 158 | . . . . . . . . . . . 38 120 . Fastest Speed 34 | 50 160 160 160 160 160 160 160 160 160 50 40 34 120 Average Speed 135 | 151 160 160 160 160 160 160 160 160 160 130 75 94 134 Slowest Speed 1000 | 160 160 160 160 160 160 160 160 160 160 1000 150 250 200 Overloaded Moves . | . . . . . . . . . . . . . . Propulsion Burnouts . | . . . . . . . . . . . . . . Robots Hopped 1 | . . . . . . . . . . . . 1 . Cave-ins Triggered 3 | . . . . . . . . . . . . . 3 Exploration Rate (%) 41 | 4 37 66 28 52 78 2 73 37 68 71 23 8 35 Regions Visited 13 Branch Regions 8 Pre-discovered Areas 1 | . . 1 . . . . . . . . . . . Known Exits Taken 8 | . . . 1 . . 1 1 1 1 1 1 1 . Unknown Exits Taken 5 | 1 1 1 . 1 1 . . . . . . . . Scrap Searched 6 | . . 2 . . . . . 2 . 2 . . . Spaces Dug 28 | . . . 2 1 1 . . . . 2 7 . 15 Terrain Destroyed 168 | . . . 2 1 1 . 17 27 . 88 7 . 25 Melee 14 | . . . 2 1 1 . . . . 2 7 . 1 Projectile 24 | . . . . . . . . . . . . . 24 AOE 130 | . . . . . . . 17 27 . 86 . . . Terrain Rammed . | . . . . . . . . . . . . . . Walls Destroyed . | . . . . . . . . . . . . . . Machines Disabled . | . . . . . . . . . . . . . . Actions | -11 -10 -10 -9 -9 -9 -7 -7 -7 -7 -6 -6 -5 -5 --------- Run | Scr Mat Min Mat Sto Rec Fac Low Low Dat Pro Fac Fac Ext Total 5052 | 50 228 226 285 432 664 121 408 181 94 835 634 331 563 Wait 400 | 1 2 . 35 41 22 17 19 5 15 186 10 10 37 Move 3968 | 38 191 215 214 310 455 94 381 167 79 566 582 298 378 Hop 1 | . . . . . . . . . . . . 1 . Pick Up 38 | 2 9 . 2 8 2 . . 5 . 1 3 1 5 Fast Attach 52 | 7 . . 1 4 . . . . . 8 8 8 16 Attach 24 | . 2 1 2 2 . 4 . . . 9 1 1 2 Detach 14 | . 1 . 1 . . . . . . 5 1 3 3 Swap 15 | . 2 . 4 2 2 1 1 . . . . 1 2 Drop 30 | . 5 . . 8 2 . . . . 5 3 1 6 Fire 259 | 2 16 10 24 56 . 5 7 4 . 53 11 7 64 Melee 24 | . . . 2 1 4 . . . . 2 14 . 1 Ram . | . . . . . . . . . . . . . . Kick 1 | . . . . . . . . . . . 1 . . Crush 1 | . . . . . . . . . . . . . 1 Escape Stasis 1 | . . . . . . . . . . . . . 1 Rewire 224 | . . . . . 177 . . . . . . . 47 Trap . | . . . . . . . . . . . . . . Miscellaneous . | . . . . . . . . . . . . . . Route ------- -11/Scrapyard -10/Materials (discovered 2 exits: *Mat / [*Min]) -10/Mines (discovered 2 exits: *Mat x2) -9/Materials (discovered 2 exits: [*Mat] / *Sto) -9/Storage -9/Recycling -7/Factory -7/Lower Caves -7/Lower Caves -7/Data Miner -6/Proximity Caves -6/Factory -5/Factory (discovered 3 exits: [*Fac] / *Ext x2) -5/Extension History --------- Turn | Location | Event 11 | -11/Scrapyard | Discovered new exit (range 16) 78 | -11/Scrapyard | Entered Materials 314 | -10/Materials | Build established: Mutant 323 | -10/Materials | Discovered new exit (range 5) 414 | -10/Materials | Discovered new exit (range 14) 445 | -10/Materials | Central database locked down 451 | -10/Materials | Entered Mines 758 | -10/Mines | Learned location of Zion (-6) 801 | -10/Mines | Discovered new exit (range 9) 814 | -10/Mines | Discovered new exit (range 6) 815 | -10/Mines | Learned 2 Materials zone layouts 826 | -10/Mines | Entered Materials 826 | -9/Materials | Evolved 2 slots: Propulsion x2 827 | -9/Materials | Identified exit to Storage 1190 | -9/Materials | Discovered new exit (range 3) 1294 | -9/Materials | Entered Storage 1854 | -9/Storage | Destroyed 7 combat bots 1930 | -9/Storage | Used back door to open Recycling access 1930 | -9/Storage | Discovered new exit (range 5) 2022 | -9/Storage | Entered Recycling 2055 | -9/Recycling | Spotter reported a threat 2088 | -9/Recycling | Spotter reported a threat 2090 | -9/Recycling | Spotter reported a threat 2091 | -9/Recycling | Spotter reported a threat 2091 | -9/Recycling | Spotter reported a threat 2098 | -9/Recycling | Spotter reported a threat 2106 | -9/Recycling | Spotter reported a threat 2112 | -9/Recycling | Spotter reported a threat 2130 | -9/Recycling | Spotter reported a threat 2141 | -9/Recycling | Spotter reported a threat 2143 | -9/Recycling | Spotter reported a threat 2157 | -9/Recycling | Spotter reported a threat 2159 | -9/Recycling | Spotter reported a threat 2160 | -9/Recycling | Spotter reported a threat 2161 | -9/Recycling | Spotter reported a threat 2165 | -9/Recycling | Spotter reported a threat 2183 | -9/Recycling | Spotter reported a threat 2194 | -9/Recycling | Spotter reported a threat 2199 | -9/Recycling | Spotter reported a threat 2214 | -9/Recycling | Spotter reported a threat 2215 | -9/Recycling | Spotter reported a threat 2218 | -9/Recycling | Spotter reported a threat 2228 | -9/Recycling | Spotter reported a threat 2236 | -9/Recycling | Spotter reported a threat 2252 | -9/Recycling | Spotter reported a threat 2258 | -9/Recycling | Spotter reported a threat 2265 | -9/Recycling | Spotter reported a threat 2268 | -9/Recycling | Spotter reported a threat 2281 | -9/Recycling | Spotter reported a threat 2289 | -9/Recycling | Spotter reported a threat 2305 | -9/Recycling | Spotter reported a threat 2349 | -9/Recycling | Spotter reported a threat 2371 | -9/Recycling | Spotter reported a threat 2378 | -9/Recycling | Spotter reported a threat 2389 | -9/Recycling | Spotter reported a threat 2402 | -9/Recycling | Spotter reported a threat 2426 | -9/Recycling | Spotter reported a threat 2442 | -9/Recycling | Spotter reported a threat 2466 | -9/Recycling | Build established: Commander-Mutant 2486 | -9/Recycling | Spotter reported a threat 2493 | -9/Recycling | Spotter reported a threat 2521 | -9/Recycling | Spotter reported a threat 2522 | -9/Recycling | Spotter reported a threat 2574 | -9/Recycling | Spotter reported a threat 2582 | -9/Recycling | Spotter reported a threat 2583 | -9/Recycling | Spotter reported a threat 2601 | -9/Recycling | Spotter reported a threat 2635 | -9/Recycling | Spotter reported a threat 2636 | -9/Recycling | Spotter reported a threat 2681 | -9/Recycling | Spotter reported a threat 2681 | -9/Recycling | Spotter reported a threat 2688 | -9/Recycling | Spotter reported a threat 2709 | -9/Recycling | Spotter reported a threat 2734 | -9/Recycling | Spotter reported a threat 2737 | -9/Recycling | Spotter reported a threat 2746 | -9/Recycling | Discovered new exit (range 12) 2755 | -9/Recycling | Spotter reported a threat 2762 | -9/Recycling | Spotter reported a threat 2790 | -9/Recycling | Spotter reported a threat 2808 | -9/Recycling | Spotter reported a threat 2812 | -9/Recycling | Spotter reported a threat 2812 | -9/Recycling | Spotter reported a threat 2861 | -9/Recycling | Spotter reported a threat 2862 | -9/Recycling | Spotter reported a threat 2863 | -9/Recycling | Spotter reported a threat 2873 | -9/Recycling | Spotter reported a threat 2926 | -9/Recycling | Spotter reported a threat 2946 | -9/Recycling | Spotter reported a threat 2966 | -9/Recycling | Entered Factory 2966 | -7/Factory | Accompanied by 9 allies 2966 | -7/Factory | Evolved 4 slots: Power x1, Utility x3 3000 | -7/Factory | Discovered new exit (range 7) 3065 | -7/Factory | Identified exit to Lower Caves 3154 | -7/Factory | Entered Lower Caves 3154 | -7/Lower Caves | Accompanied by 9 allies 3317 | -7/Lower Caves | Learned Factory stockpile data 3781 | -7/Lower Caves | Discovered new exit (range 8) 3793 | -7/Lower Caves | Identified exit to Lower Caves 3803 | -7/Lower Caves | Entered another Lower Caves area 3803 | -7/Lower Caves | Accompanied by 3 allies 3900 | -7/Lower Caves | Attracted the attention of an 0b10 checkpoint 3953 | -7/Lower Caves | Build established: Mutant 4058 | -7/Lower Caves | Discovered new exit (range 16) 4081 | -7/Lower Caves | Identified exit to Data Miner 4089 | -7/Lower Caves | Entered Data Miner 4089 | -7/Data Miner | Accompanied by 3 allies 4089 | -7/Data Miner | Discovered new exit (range 6) 4120 | -7/Data Miner | Met Data Miner 4169 | -7/Data Miner | Received God Mode back door access code from Data Miner 4208 | -7/Data Miner | Identified exit to Proximity Caves 4231 | -7/Data Miner | Entered Proximity Caves 4231 | -6/Proximity Caves | Accompanied by 3 allies 4233 | -6/Proximity Caves | P-60 Hacker assimilated allied Defender 2d 4234 | -6/Proximity Caves | P-60 Hacker assimilated allied Defender 2c 4285 | -6/Proximity Caves | Destroyed 7 combat bots 4288 | -6/Proximity Caves | Lost 8 parts (4n1u3w) 4393 | -6/Proximity Caves | Lost 4 parts (2p2w) 4642 | -6/Proximity Caves | Escorted by Enhanced Grunt 4867 | -6/Proximity Caves | Core integrity fell below 50% 4982 | -6/Proximity Caves | Learned Factory interactive machine intel 5021 | -6/Proximity Caves | Discovered new exit (range 14) 5042 | -6/Proximity Caves | Learned Factory stockpile data 5118 | -6/Proximity Caves | Identified exit to Factory 5214 | -6/Proximity Caves | Received a Behemoth hack from an annoying Tinkerer 5300 | -6/Proximity Caves | Build established: Derelict-Mutant 5306 | -6/Proximity Caves | Entered Factory 5306 | -6/Factory | Evolved 2 slots: Utility x2 5308 | -6/Factory | Loaded intel: 46 interactive machine locations 5664 | -6/Factory | Lost 3 parts (1p1n1w) 5836 | -6/Factory | Discovered new exit (range 5) 5837 | -6/Factory | Identified exit to Factory 5838 | -6/Factory | Entered another Factory area 5838 | -5/Factory | Evolved 2 slots: Propulsion x1, Utility x1 5839 | -5/Factory | Identified exit to Extension 5861 | -5/Factory | Discovered new exit (range 4) 5951 | -5/Factory | Discovered exit to Extension (range 14) 6016 | -5/Factory | Fabricated Exp. Sensor Array? 6164 | -5/Factory | Entered Extension 6201 | -5/Extension | Incoming investigation squad redirected 6328 | -5/Extension | Lost 4 parts (1p2n1w) 6508 | -5/Extension | Build established: Hacker-Mutant 6784 | -5/Extension | Rescued a captive Derelict 6784 | -5/Extension | Rescued a captive Derelict 6854 | -5/Extension | Crushed by falling debris 6854 | -5/Extension | System corruption reached 10% 6856 | -5/Extension | Crushed by falling debris 6887 | -5/Extension | Lost 6 parts (1p1n3u1w) 6899 | -5/Extension | Crushed by falling debris 6900 | -5/Extension | System corruption reached 30% 6917 | -5/Extension | Self-destructed Last Messages --------------- 06891_ HV Slug penetrates Earth. 06899_ The unstable cave ceiling collapses. 06899_ Crushed by falling debris. 06899_ Adv. Targeting Computer destroyed. 06899_ System corrupted by crushing effect (+1). 06899_ Great Maul destroyed. 06899_ System corrupted by crushing effect (+5). 06899_ Flexi-carbon Leg destroyed. 06899_ System corrupted by crushing effect (+5). 06899_ Myomer Leg destroyed. 06899_ System corrupted by crushing effect (+5). 06899_ Imp. Weapon Cycler destroyed. 06899_ System corrupted by crushing effect (+2). 06902_ System corrupted: Component data lost. 06904_ The unstable cave ceiling collapses. 06911_ System corrupted: Hyp. Gauss Cannon targeting data glitched. 06911_ HV Slug penetrates Wall. 06913_ System corrupted: Hyp. Gauss Cannon targeting data glitched. 06913_ HV Slug penetrates Wall. 06917_ System corrupted: Matter fused (-6). Map ----- +----------------------------------------------------+ | | | | | | | | | | | | | | | | | | | | | | | | | | | | | ?????????????????????????????????????????????????? | | ?????????????????????????????????????????????????? | | ?????????????????????????????????????????????????? | | ?????????????????????????????????????????????????? | | ###############??????????????????????????????????? | | #??????????????????????????????????? | | # ##### ##### #??????????????????????????????????? | | # #???# #???# #??????????????????????????????????? | | # #??##+##### #??????????????????????????????????? | | # #??# ] # #??????????????????????????????????? | | # #??# !# ###############+######?????????????? | | # #??#= !=%=/ "## @# ??????? | | # #??# ! * # ########## ########?????????????? | | # #??# !%* # # #??????# #????????????????????? | | #??# /[ # ###??????# #????????????????????? | | #+########### #????????# #????????????????????? | | #?# ###?# ^ #????????#?#????????????????????? | | #?##????# #????????# #????????????????????? | | #?????#?# #????????# #????????????????????? | | #???### # #????????# #????????????????????? | | #####???# # #????????? ?????????????????????? | | ????????# #????????? ?????????????????????? | | ????????###T# #????????? ?????????????????????? | | ??????????### #????????? ?????????????????????? | | ????????????# #????????? ?????????????????????? | | ????????????# #????????? ?????????????????????? | | ????????????# #????????? ?????????????????????? | | ????????????#### #???????????????????????????????? | | ???????????????? #???????????????????????????????? | | ???????????????? #???????????????????????????????? | | ???????????????? #???????????????????????????????? | | ???????????????? #???????????????????????????????? | | ???????????????? "???????????????????????????????? | | ???????????????? "???????????????????????????????? | | ????????????????? ???????????????????????????????? | | ?????????????????????????????????????????????????? | +----------------------------------------------------+ Best States ------------- Heat Dissipation 59 Coolant Potential 65 Energy Generation 32 Energy Capacity 460 Matter Stores 430 Matter Capacity 450 Sight Range 22 Robot Scan Range 30 Terrain Scan Density 10 Armor Coverage 225 Propulsion Shielding 33 Utility Shielding 33 Weapon Cycling 20 Evasion (%) 63 Targeting Accuracy 14 Armor Integrity Analysis 50 Recoil Reduction 4 Kinecelleration 40 Offensive Hacking 24 Defensive Hacking 11 Item Schematics ----------------- Imp. Treads | -9/Materials | Scanalyzed Hvy. Assault Rifle | -9/Materials | Scanalyzed Combat Drone Bay | -7/Data Miner | Free Lgt. Regenerative Plating | -7/Data Miner | Free Exp. Flexi-carbon Leg | -7/Data Miner | Free Triangulator | -7/Data Miner | Free Exp. Sensor Array | -7/Data Miner | Free Tactical Coordination Suite | -7/Data Miner | Free Kinetic Spear | -7/Data Miner | Free Cmb. Gravmag System | -7/Data Miner | Free Robot Schematics ------------------ S-27 Virus | -7/Data Miner | Free G-50 Soldier | -7/Data Miner | Free L-41 Fighter | -7/Data Miner | Free X-72 Disruptor | -7/Data Miner | Free P-70 Sage | -7/Data Miner | Free I-36 Angel | -7/Data Miner | Free I-47 Archangel | -7/Data Miner | Free Fabricated ------------ Exp. Sensor Array | x1 | -5/Factory Alien Tech Used ----------------- None Achievements -------------- None Challenges ------------ None Game ------ Seed WaveThunderLauncher Manual? 0 Play Time 00:42:56 Cumulative 62.9 hours Start 2021.05.05 @ 21:03:32 End 2021.05.05 @ 22:19:02 Sessions 3 Manual Loads 0 Difficulty Rogue Special Mode None Game No. 119 Rogue 107 Adventurer 4 Explorer 8 Win Type - Total 5 Types 4/0/0/1/0/0/0/0/0 Lore% 53 Gallery% 70 Achievement% 48 Wizard Run 0 Options --------- ASCII 0 Keyboard 1 Movement Numpad Keybinds 0 Fullscreen 1 Font 18/SmallcapsGlow Map View 76x50 Tactical HUD 1 Map Filters NONE Filters NONE Steam 1 RUN: 5cf48c22-6181-4302-a6e0-abced94ec839